 Dungeon Crawl Stone Soup version 0.17-a0-1255-gd996e2d (webtiles) character file.

341 Chiseanne the Ducker (level 6, -5/46 HPs)
             Began as a Demonspawn Wanderer on June 6, 2015.
             Was an Initiate of Gozag.
             Killed by divine providence
             ... invoked by an orc priest
              (17 damage)
             ... on level 4 of the Dungeon.
             The game lasted 00:11:03 (4302 turns).

Chiseanne the Ducker (Demonspawn Wanderer)          Turns: 4302, Time: 00:11:03

Health: -5/46      AC:  8    Str: 18    XL:     6   Next: 30%
Magic:  8/8        EV: 14    Int: 18    God:    Gozag
Gold:   493        SH: 10    Dex: 19    Spells: 1 memorised, 7 levels left

rFire  . . .     SeeInvis +     a - +2 dagger (drain)
rCold  . . .     Clarity  .     k - +0 scale mail
rNeg   . . .     SustAt   .     q - +1 shield
rPois  .         Gourm    .     (helmet unavailable)
rElec  .         Spirit   .     m - +1 cloak
rCorr  .         Warding  .     (no gloves)
rMut   .         Stasis   .     (no boots)
MR     .....                    (no amulet)
Stlth  ++........               (no ring)
                                t - ring of flight

@: mighty, brilliant, agile, about to teleport, very slightly contaminated,
hasted, very quick, not resistant to hostile enchantments, unstealthy
A: antennae 3
a: Potion Petition, Call Merchant, Bribe Branch, Renounce Religion, Evoke Flight


You were on level 4 of the Dungeon.
You worshipped Gozag.
Gozag was noncommittal.
You were not hungry.

You visited 1 branch of the dungeon, and saw 4 of its levels.

You collected 531 gold pieces.
You paid 38 gold pieces to Gozag.

Inventory:

Hand weapons
 a - a +2 dagger of draining (weapon)
 s - a +2 spear
Missiles
 e - 32 poisoned needles
 g - 18 bolts
 n - 21 sling bullets
 u - 3 steel tomahawks (quivered)
 w - 65 arrows
Armour
 k - a +0 scale mail (worn)
 m - a +1 cloak (worn)
 q - a +1 shield (worn)
Jewellery
 t - a ring of flight (left hand)
Scrolls
 c - 3 scrolls of teleportation
 d - 2 scrolls of remove curse
 o - a scroll of identify
 p - a scroll of immolation
 r - a scroll of enchant armour
Potions
 h - a potion of resistance
 i - a potion of haste
 l - a potion of curing
Books
 b - Saisyw's Disquisition on Fire

   Spells                             Type                      Level
   a - Flame Tongue                   Conjuration/Fire             1
   b - Ignite Poison                  Fire/Transmutation/Poison    3
Comestibles
 f - 2 bread rations
 j - 2 meat rations


   Skills:
 * Level 2.7 Fighting
 - Level 1.0 Polearms
 - Level 1.0 Throwing
 * Level 2.5 Armour
 * Level 3.6 Dodging
 - Level 2.6 Stealth
 * Level 1.6 Shields
 - Level 1.8 Spellcasting
   Level 1.0 Translocations
 - Level 1.0 Fire Magic


You had 7 spell levels left.
You knew the following spells:

 Your Spells              Type           Power        Failure   Level  Hunger
a - Flame Tongue          Conj/Fire      ##...        54%         1    #......


Dungeon Overview and Level Annotations

Branches:
Dungeon (4/15)
 Temple: D:4-7

Altars:
Gozag
Makhleb
Sif Muna
Trog
Yredelemnul
The Shining One


Innate Abilities, Weirdness & Mutations

You have a pair of large antennae on your head (SInv).


Message History

The orc priest becomes somewhat translucent.
You puncture the orc priest!
The orc priest is severely wounded.
The orc priest hits you with a short sword.
* * * LOW HITPOINT WARNING * * *
You hit the orc priest.
You kill the orc priest!
You puncture the orc priest! You drain the orc priest!
You kill the orc priest!
Your life force feels restored.
You closely miss the orc priest.
The orc priest is distracted by the nearby gold.
The orc priest shouts!
You hit the orc priest.
The orc priest is no longer distracted by gold.
The orc priest is heavily wounded.
The orc priest invokes the aid of Beogh against you.
Something smites you!
You die...
Your body crumbles into a pile of gold.

### #..
#####.#
.....#####.##
#..#...$...
#.$..###.#
#.@g.....#
#.##$o...####
{ #.......##
.......#.##
########.#
#.# . ##'##
#.##...##
#.#.....##


You could see an orc priest and a hobgoblin.

Vanquished Creatures
  An orc wizard (D:3)
  3 orc priests (D:4)
  3 worker ants (D:4)
  2 adders
  4 gnolls
  A worm (D:3)
  4 giant geckos
  8 orcs
  4 goblins
  8 hobgoblins
  8 jackals
  2 kobolds
  3 ball pythons
  12 bats
  5 giant cockroaches
  3 giant newts
  A jackal skeleton (D:4)
  11 rats
83 creatures vanquished.

Notes
Turn   | Place    | Note
--------------------------------------------------------------
     0 | D:1      | Chiseanne the Demonspawn Wanderer began the quest for the Orb.
     0 | D:1      | Chiseanne set off with: a +2 spear, Saisyw's Disquisition on Fire, a scroll of teleportation, a +0 robe, a +0 dagger, a bread ration
     0 | D:1      | Reached XP level 1. HP: 15/15 MP: 2/2
     2 | D:1      | Identified Saisyw's Disquisition on Fire
     4 | D:1      | Learned a level 1 spell: Flame Tongue
   269 | D:1      | Gained mutation: You have a pair of small antennae on your head. [demonic ancestry]
   269 | D:1      | Reached XP level 2. HP: 21/21 MP: 4/4
  1250 | D:2      | Gained mutation: You have a pair of antennae on your head. [demonic ancestry]
  1250 | D:2      | Reached XP level 3. HP: 18/26 MP: 5/5
  1594 | D:1      | Reached skill level 1 in Armour
  1805 | D:2      | Gained mutation: You have a pair of large antennae on your head (SInv). [demonic ancestry]
  1805 | D:2      | Reached XP level 4. HP: 23/33 MP: 6/6
  1970 | D:2      | Found a basalt altar of Yredelemnul.
  2027 | D:2      | Found a bloodstained altar of Trog.
  2036 | D:2      | Found an opulent altar of Gozag.
  2045 | D:2      | Became a worshipper of Gozag Ym Sagoz the Greedy
  2051 | D:2      | Found a glowing golden altar of the Shining One.
  2463 | D:2      | Found a burning altar of Makhleb.
  2599 | D:2      | Found a deep blue altar of Sif Muna.
  3049 | D:3      | Reached skill level 3 in Dodging
  3049 | D:3      | Reached skill level 1 in Shields
  3049 | D:3      | Reached XP level 5. HP: 14/38 MP: 7/7
  4246 | D:4      | Reached XP level 6. HP: 46/46 MP: 8/8
  4302 | D:4      | Killed from afar by an orc priest

Vault maps used:
D:1:      nicolae_arrival_washed_ashore
D:2:      lemuel_blue_sif_altar, grunt_temple_overflow_cloverleaf,
          lightli_temple_of_fire, first_bread
D:4:      vehumet_statue, minmay_temple_entry_poolview,
          minmay_stone_trees_small, kennysheep_nub, elyvilon_altar_5

Action                   |  1- 3 |  4- 6 || total
-------------------------+-------+-------++-------
Melee: Spear             |   115 |   186 ||   301
       Dagger            |       |    53 ||    53
Throw: Tomahawk          |     2 |     5 ||     7
Invok: Potion Petition   |       |     1 ||     1
  Use: Scroll            |       |    13 ||    13
       Potion            |       |     5 ||     5
 Stab: Sleeping          |     1 |       ||     1
       Invisible         |       |     7 ||     7
       Distracted        |       |     1 ||     1
  Eat: Chunk             |     3 |     1 ||     4
       Fruit             |       |     5 ||     5
       Bread ration      |       |     1 ||     1
       Pizza             |       |     1 ||     1
